AoeStats
← Huskarls4

Black Forest

514916820Analyzed
4v4 RM · 16d ago on Oct 19, 2026· 83m 44s· 8 players
Game mode
Random Map
Map size
Large (8 player)
Population
200
Speed
Normal
Resources
Standard
Victory
Conquest
Starting age
Dark Age
Ending age
Imperial Age
RankedLock teamsTeams togetherTeam positionsShared explorationLock speedFull tech treeHidden civsTurbo modeCheats
Victory
Defeat
🇹🇷 Bengalis · Türkiye
1521
+12
🇹🇷 Dravidians · Türkiye
1511
+12
🇺🇸 Britons · United States
1466
+14
🇬🇧 Lithuanians · United Kingdom
1375
+19
vs
🇬🇧 Shu · United Kingdom
1510
-17
🇸🇪 Japanese · Sweden
1464
-16
🇸🇪 Saxons · Sweden
1378
-12
🇸🇪 Burgundians · Sweden
1367
-12
Silence
0:44 Loom
13:21 Feudal Age
17:30 Castle Age
15:54 Fishing Lines
16:19 Double-Bit Axe
17:10 Horse Collar
18:50 Bow Saw
21:01 Gillnets
25:45 Devotion
28:31 Fletching
32:15 Masonry
35:05 Imperial Age
32:56 Bodkin Arrow
33:23 Ballistics
33:22 Gold Mining
33:58 Padded Archer Armor
35:28 Leather Archer Armor
35:55 Gold Shaft Mining
36:25 Bracer
35:46 Elite Longbowman
37:33 Chemistry
38:25 Ring Archer Armor
38:39 Fortified Wall
39:38 Crossbowman
39:40 Pikeman
41:14 Yeomen
41:15 Conscription
41:39 Wheelbarrow
42:07 Two-Man Saw
41:29 Scale Mail Armor
41:42 Forging
42:47 Chain Mail Armor
42:37 Halberdier
43:24 Treadmill Crane
44:32 Squires
44:42 Heavy Plow
45:07 Hand Cart
44:46 Stone Mining
45:19 Caravan
45:28 Siege Engineers
47:24 Arson
48:12 Plate Mail Armor
49:38 Iron Casting
49:09 Town Watch
51:28 Blast Furnace
50:38 Warwolf
52:35 Architecture
51:48 Treadmill Crane
52:45 Hoardings
54:59 Architecture
61:13 Coinage
67:29 Man-at-Arms
67:56 Gambesons
68:00 Long Swordsman
68:48 Two-Handed Swordsman
69:26 Champion
80:07 Medium Warships
80:19 Careening
80:35 Shipwright
83:53 Banking
Wkd Br0
8:48 Loom
10:42 Feudal Age
11:23 Double-Bit Axe
15:38 Castle Age
15:58 Fishing Lines
16:40 Bow Saw
19:21 Gillnets
22:21 Stone Mining
22:23 Gold Mining
23:28 Wheelbarrow
24:14 Light Cavalry
24:55 Husbandry
25:06 Bloodlines
25:09 Forging
24:43 Horse Collar
25:57 Scale Barding Armor
27:17 Chain Barding Armor
28:36 Hand Cart
31:58 Imperial Age
30:41 Iron Casting
32:44 Fletching
33:30 Plate Barding Armor
32:26 Winged Hussar
34:18 Chemistry
35:12 Conscription
36:37 Tower Shields
35:59 Cavalier
37:27 Paladin
39:27 Masonry
40:14 Stone Shaft Mining
40:06 Murder Holes
41:01 Caravan
55:42 Capped Ram
77:41 Heavy Plow
klostrofobikköstebek
6:37 Loom
12:18 Feudal Age
16:28 Castle Age
14:50 Double-Bit Axe
15:18 Horse Collar
18:42 Wheelbarrow
18:29 Bow Saw
21:14 Hand Cart
23:01 Fishing Lines
24:21 Gillnets
29:23 Imperial Age
28:05 Padded Archer Armor
27:56 Fletching
29:16 Leather Archer Armor
29:20 Bodkin Arrow
29:48 Ballistics
29:37 Heavy Plow
29:29 Gold Mining
31:09 Chemistry
31:20 Two-Man Saw
30:29 Medical Corps
31:06 Ring Archer Armor
30:47 Bracer
31:46 Thumb Ring
31:08 Elite Elephant Archer
33:00 Scale Barding Armor
32:50 Stone Mining
34:18 Husbandry
36:25 Caravan
39:01 Devotion
40:41 Onager
40:47 Heavy Scorpion
42:40 Murder Holes
43:19 Siege Elephant
49:30 Chain Barding Armor
49:21 Forging
48:33 Light Cavalry
50:38 Iron Casting
51:57 Elite Skirmisher
54:57 Blast Furnace
63:35 Scale Mail Armor
75:31 Coinage
76:07 Fortified Wall
77:00 Siege Onager
waLLefps.
0:25 Loom
13:53 Feudal Age
14:28 Horse Collar
14:33 Double-Bit Axe
17:01 Fletching
20:54 Castle Age
20:12 Stone Mining
22:10 Bow Saw
22:02 Heavy Plow
23:40 Wheelbarrow
24:38 Bodkin Arrow
26:27 Hand Cart
26:29 Town Watch
26:53 Gold Mining
28:51 Padded Archer Armor
30:10 Leather Archer Armor
30:34 Gold Shaft Mining
33:31 Imperial Age
32:04 Ballistics
31:55 Masonry
32:35 Paiks
32:38 Husbandry
32:49 Bloodlines
34:18 Bracer
36:13 Ring Archer Armor
36:44 Chemistry
36:58 Two-Man Saw
35:57 Elite Skirmisher
36:00 Elite Elephant Archer
37:25 Conscription
37:33 Mahayana
39:56 Scale Barding Armor
40:02 Forging
39:58 Light Cavalry
40:33 Siege Elephant
41:42 Chain Barding Armor
44:22 Siege Elephant
45:56 Siege Engineers
46:22 Architecture
46:01 Onager
46:06 Siege Elephant
48:51 Plate Barding Armor
48:52 Iron Casting
49:48 Caravan
57:51 Elite Battle Elephant
59:31 Elite Battle Elephant
61:23 Blast Furnace
Huskarls4
8:30 Loom
10:59 Feudal Age
11:57 Double-Bit Axe
16:43 Castle Age
18:17 Fishing Lines
18:38 Horse Collar
19:34 Horse Collar
19:50 Gillnets
24:49 Bow Saw
25:36 Wheelbarrow
24:56 Gold Mining
27:30 Hand Cart
30:36 Imperial Age
28:02 Crossbowman
28:44 Fletching
28:54 Padded Archer Armor
29:23 Bodkin Arrow
29:37 Thumb Ring
30:53 Town Watch
31:26 Leather Archer Armor
32:17 Ballistics
32:39 Conscription
31:55 Arbalester
33:43 Chemistry
33:27 Siege Engineers
33:11 Elite Skirmisher
34:03 Bracer
35:21 Ring Archer Armor
36:21 Masonry
36:31 Bolt Magazine
41:10 Caravan
42:50 Guilds
46:37 Two-Man Saw
48:32 Elite White Feather Guard
49:39 Scale Mail Armor
49:50 Forging
52:35 Chain Mail Armor
52:25 Squires
52:10 Arson
54:05 Plate Mail Armor
58:54 Coiled Serpent Array
59:32 Hoardings
64:08 Architecture
63:34 Murder Holes
67:16 Light Cavalry
67:57 Husbandry
68:04 Scale Barding Armor
69:30 Chain Barding Armor
70:59 Plate Barding Armor
72:41 Pikeman
73:51 Halberdier
Asmo
0:35 Loom
16:15 Feudal Age
19:56 Castle Age
19:56 Fishing Lines
20:03 Double-Bit Axe
22:03 Redemption
22:51 Sanctity
23:21 Horse Collar
23:34 Gold Mining
23:58 Bow Saw
25:18 Wheelbarrow
25:16 Squires
25:17 Scale Mail Armor
26:14 Chain Mail Armor
26:34 Town Watch
26:44 Gillnets
27:13 Forging
31:49 Imperial Age
29:49 Clerical Recruitment
31:09 Horse Collar
31:20 Stone Mining
32:31 Hand Cart
32:53 Gold Shaft Mining
33:03 Plate Mail Armor
33:10 Iron Casting
33:06 Conscription
34:00 Block Printing
34:11 Illumination
33:12 Pikeman
33:36 Shield Wall
34:45 Halberdier
36:10 Elite Hearth Troop
37:02 Arson
38:20 Chemistry
38:21 Hoardings
37:52 Caravan
38:55 Capped Ram
39:57 Masonry
40:23 Siege Ram
42:28 Architecture
42:42 Fletching
42:53 Padded Archer Armor
42:37 Treadmill Crane
45:33 Fortified Wall
47:19 Town Patrol
48:01 Bodkin Arrow
48:30 Ballistics
48:16 Siege Engineers
48:02 Guard Tower
47:57 Arrowslits
48:08 Murder Holes
50:21 Bracer
52:09 Coinage
52:51 Keep
55:16 Banking
57:04 Onager
57:11 Heavy Scorpion
57:51 Gambesons
62:30 Padded Archer Armor
62:36 Scale Barding Armor
63:49 Elite Varangian Guard
74:41 Leather Archer Armor
75:08 Elite Skirmisher
75:55 Thumb Ring
76:21 Ring Archer Armor
N1ls
5:18 Double-Bit Axe
7:04 Fishing Lines
12:34 Feudal Age
13:50 Loom
14:24 Bow Saw
16:27 Castle Age
15:06 Gillnets
16:26 Gold Mining
19:11 Two-Man Saw
23:04 Cavalier
23:44 Husbandry
23:55 Scale Barding Armor
24:00 Forging
26:25 Gold Shaft Mining
26:14 Chain Barding Armor
27:37 Fletching
28:23 Iron Casting
28:21 Horse Collar
28:52 Stone Mining
31:33 Imperial Age
29:17 Burgundian Vineyards
30:23 Bodkin Arrow
34:04 Stone Shaft Mining
34:31 Chemistry
33:53 Ballistics
33:14 Treadmill Crane
33:48 Masonry
34:15 Wheelbarrow
34:48 Conscription
33:58 Paladin
35:17 Conscription
35:59 Scale Mail Armor
36:59 Blast Furnace
36:42 Plate Barding Armor
36:02 Light Cavalry
38:00 Caravan
39:02 Hussar
43:45 Coinage
43:25 Guilds
44:53 Heavy Plow
45:27 Scale Mail Armor
45:32 Squires
44:53 Pikeman
45:18 Arson
45:26 Halberdier
48:14 Chain Mail Armor
48:00 Bracer
48:01 Padded Archer Armor
51:01 Crop Rotation
51:28 Plate Mail Armor
51:14 Leather Archer Armor
52:21 Architecture
51:53 Onager
65:29 Elite Skirmisher
67:23 Capped Ram
74:16 Hand Cart
hurm0k [PT]
0:34 Loom
13:57 Feudal Age
14:26 Double-Bit Axe
19:52 Castle Age
19:52 Fishing Lines
20:42 Bow Saw
22:15 Wheelbarrow
23:15 Stone Mining
25:23 Fletching
27:31 Town Watch
27:36 Horse Collar
29:48 Masonry
30:00 Ballistics
30:18 Hand Cart
30:33 Gold Mining
33:39 Imperial Age
31:38 Yasama
31:29 Treadmill Crane
31:44 Murder Holes
31:40 Guard Tower
32:03 Gillnets
32:05 Pikeman
32:45 Squires
33:25 Bodkin Arrow
34:10 Scale Mail Armor
34:20 Forging
33:58 Arson
34:55 Conscription
34:57 Kataparuto
35:17 Keep
34:27 Arrowslits
34:54 Fortified Wall
36:13 Chemistry
34:46 Halberdier
36:48 Two-Man Saw
36:01 Bracer
36:17 Chain Mail Armor
36:37 Iron Casting
37:39 Gold Shaft Mining
37:07 Town Patrol
38:51 Kataparuto
38:51 Conscription
39:13 Iron Casting
39:08 Plate Mail Armor
39:38 Heavy Plow
39:42 Caravan
41:51 Siege Engineers
45:26 Blast Furnace
44:56 Plate Mail Armor
50:34 Elite Samurai
50:38 Man-at-Arms
51:18 Gambesons
53:10 Coinage
52:10 Long Swordsman
54:51 Banking
54:05 Two-Handed Swordsman
56:09 Champion
61:33 Capped Ram
Connection lost

Rejoining the realm…

Still unreachable

The connection could not be restored.

Session expired

The server has moved on; the page needs a fresh start.